 Dungeon Crawl Stone Soup version 0.25-a0-189-gf71692caf1 (webtiles) character file.

Game seed: 13232394761129850010, levelgen mode: deterministic

4744 Jindul the Cudgeler (level 10, -2/100 HPs)
             Began as a Troll Abyssal Knight on Nov 29, 2019.
             Was an Elder of Lugonu.
             Blown up by a gnoll (22 damage)
             ... with a disintegration bolt
             ... on level 8 of the Dungeon.
             The game lasted 00:38:10 (9223 turns).

Jindul the Cudgeler (Troll Abyssal Knight)          Turns: 9223, Time: 00:38:11

Health: -2/100     AC: 31    Str: 24    XL:     10   Next: 22%
Magic:  12/12      EV: 22    Int:  4    God:    Lugonu [****..]
Gold:   455        SH:  0    Dex: 12    Spells: 9/9 levels left

rFire    x . .     SeeInvis .   B - +3 morningstar (holy)
rCold    + . .     Gourm    +   (no shield)
rNeg     + . .     Faith    .   v - +10 storm dragon scales
rPois    .         Spirit   .   (helmet restricted)
rElec    +         Reflect  .   (no cloak)
rCorr    .         Harm     .   (gloves unavailable)
MR       .....                  (boots unavailable)
Stlth    ..........             r - amulet of the acrobat
HPRegen  0.66/turn              E - ring "Pielinux" {Ice +Inv rN+ Str+2 Int-4}
MPRegen  0.13/turn              k - +6 ring of protection

@: about to teleport, berserk cooldown, acrobat, slowed, very slow
A: large, unfitting armour, claws 3, fast metabolism 3, gourmand, regeneration
1, shaggy fur 1, tough skin 3
a: Depart the Abyss, Bend Space, Banish, Corrupt, Renounce Religion, Evoke
Invisibility


You were on level 8 of the Dungeon.
You worshipped Lugonu.
Lugonu was greatly pleased with you.
You were full.

You visited 2 branches of the dungeon, and saw 9 of its levels.
You visited the Abyss 1 time.

You collected 455 gold pieces.

Inventory:

Hand Weapons
 a - a +0 glaive of distortion
 B - a +3 morningstar of holy wrath (weapon)
Missiles
 e - 329 stones
 j - 6 javelins (quivered)
 t - 33 poisoned darts
 x - 9 boomerangs
Armour
 v - +10 storm dragon scales (worn)
Jewellery
 d - an uncursed ring of see invisible
 k - a +6 ring of protection (right claw)
 m - a +6 ring of intelligence
 n - an uncursed ring of positive energy
 r - an amulet of the acrobat (around neck)
 E - the ring "Pielinux" (left claw) {Ice +Inv rN+ Str+2 Int-4}
   (You took it off a crimson imp on level 6 of the Dungeon)

   [ring of ice]

   It enhances your ice magic.
   It affects your strength (+2).
   It affects your intelligence (-4).
   It makes you vulnerable to fire.
   It protects you from cold.
   It protects you from negative energy.
   It lets you turn invisible.
Wands
 h - a wand of flame (27)
 i - a wand of paralysis (13)
 o - a wand of clouds (7)
 s - a wand of polymorph (2)
Scrolls
 b - a scroll of fog
 g - 2 scrolls of remove curse
 l - 4 scrolls of amnesia
 u - a scroll of teleportation
Potions
 f - a potion of curing
 w - a potion of mutation {unknown}
 z - a potion of invisibility {unknown}
 A - a potion of haste {unknown}
 F - a potion of flight {unknown}
Comestibles
 c - 16 rations


   Skills:
 * Level 6.9 Fighting
 * Level 7.2 Maces & Flails
 + Level 4.7 Throwing
 - Level 3.0 Armour
 - Level 3.0 Dodging
 + Level 5.1 Unarmed Combat
 + Level 5.1 Invocations


You had 9 spell levels left.
You didn't know any spells.
Your spell library contained the following spells:

 Spells                   Type           Power        Failure   Level  Hunger
 Apportation              Tloc           #.....       99%         1    ##.....
 Summon Butterflies       Summ           #.......     99%         1    ##.....
 Lesser Beckoning         Tloc           #.........   100%        3    ####...
 Tukima's Dance           Hex            #.......     100%        3    ####...
 Alistair's Intoxication  Tmut/Pois      #.......     100%        5    ######.
 Invisibility             Hex            #.......     100%        6    #######


Dungeon Overview and Level Annotations

Branches:
Dungeon (8/15)             Temple (1/1) D:6
   Lair: D:8-11

Altars:
Ashenzari
Cheibriados
Dithmenos
Elyvilon
Fedhas
Gozag
Hepliaklqana
Kikubaaqudgha
Makhleb
Nemelex Xobeh
Okawaru
Qazlal
Ru
Sif Muna
Trog
Uskayaw
Vehumet
Wu Jian
Xom
Yredelemnul
Zin
The Shining One

Annotations:
D:8 1 transporter, Thantalas's ghost, novice CeHu


Innate Abilities, Weirdness & Mutations

You are too large for most types of armour.
You have claws for hands.
Your metabolism is lightning-fast.
You like to eat raw meat.
Your natural rate of healing is unusually fast.
You are covered in fur. (AC +1)
You have extremely tough skin. (AC +3)


Message History

Your storm dragon scales prevents you from hitting the gnoll.
You feel very sick. The gnoll hits you with a +0 halberd.
* * * LOW HITPOINT WARNING * * *
The gnoll zaps a wand.
You easily resist.
The gnoll zaps a wand.
You easily resist.
The gnoll closely misses you.
You hit the gnoll.
The gnoll is heavily wounded.
You feel sick.
The gnoll zaps a wand.
You easily resist.
The gnoll hits you with a +0 halberd.
* * * LOW HITPOINT WARNING * * *
You feel better. The gnoll closely misses you.
Thantalas's ghost (novice Centaur Hunter) comes into view.
It is wielding a weapon of speed.
As you read the scroll of teleportation, it crumbles to dust.
You feel strangely unstable.
Thantalas's ghost turns its malevolent gaze towards you.
The gnoll hits you but does no damage. The gnoll barely misses you.
Thantalas's ghost whispers, "There is no future for you."
The gnoll zaps a wand.
You are blasted!
You die...

#..≈≈#####...........#####≈≈
#..≈≈#gg.#.###.©.###.#ggg#≈≈
#..≈≈#gg.###.#####.###...#≈≈
#..≈≈###g..............###≈≈
#..≈≈.8#.##'###'######.#8.≈≈
#..≈≈.##.#...#..8# .##.≈≈
######..≈≈.#..'...))©⌠# .+gg#.≈≈
........≈≈.##.#...#..8# (.#.##.≈≈
........≈≈.8#.##@###'######.#8.≈≈
........≈≈###...))g)).W.....###≈≈
........≈≈#...###g#####.###...#≈≈
........≈≈#...#.###.©.###.#...#≈≈
........≈≈#####...........#####≈≈
........≈≈≈≈≈≈≈≈≈≈≈...≈≈≈≈≈≈≈≈≈≈≈
........≈≈≈≈≈≈≈≈≈≈≈...≈≈≈≈≈≈≈≈≈≈≈
.................................
........###......#.###....###....


You could see Thantalas's ghost and 2 gnolls.

Vanquished Creatures
  Harold (D:8)
  Pikel (D:6)
  Joseph (D:7)
  2 hippogriffs
  A wyvern (D:8)
  Eustachio (D:6)
  Menkaure (D:5)
  Duvessa (D:5)
  2 ice beasts
  2 phantoms
  An eye of draining (D:8)
  2 ogres
  A centaur (D:7)
  A crocodile (D:8)
  Dowan (D:5)
  A bullfrog (D:7)
  3 gnoll sergeants (D:8)
  2 scorpions
  4 wights (D:6)
  4 howler monkeys
  2 crimson imps
  3 jellies (D:8)
  A hound (D:4)
  2 quasits
  A gnoll shaman (D:8)
  4 orc priests
  A bullfrog skeleton (D:5)
  5 orc wizards
  Ijyb (D:5)
  An iguana (D:8)
  2 worker ants
  2 hound zombies
  A worker ant zombie (D:5)
  4 gnolls (D:8)
  4 adders
  6 oozes
  An adder skeleton (D:8)
  2 worms
  A dart slug (D:2)
  4 leopard geckos
  17 orcs
  4 giant cockroaches
  8 goblins
  9 hobgoblins
  22 jackals
  4 quokkas
  A ball python (D:1)
  A ball python skeleton (D:4)
  12 bats
  3 frilled lizards
  8 kobolds
  A leopard gecko skeleton (D:6)
  A quokka zombie (D:8)
  7 rats
179 creatures vanquished.

Vanquished Creatures (others)
  An ice beast (D:7)
  An orc priest (D:7)
  An orc wizard (D:7)
  An adder zombie (D:7)
  4 orcs (D:7)
  6 plants (D:8)
14 creatures vanquished.

Grand Total: 193 creatures vanquished

Notes
Turn   | Place    | Note
-------+----------+-------------------------------------------
     0 | Abyss:1  | Jindul the Troll Abyssal Knight began the quest for the
                  | Orb.
     0 | Abyss:1  | Reached XP level 1. HP: 22/22 MP: 1/1
    47 | Abyss:1  | Noticed an eight-headed hydra skeleton
    61 | Abyss:1  | Noticed a wretched star
    63 | D:1      | Escaped the Abyss
   242 | D:1      | Reached * piety under Lugonu
   406 | D:1      | Reached skill level 2 in Maces & Flails
   406 | D:1      | Reached XP level 2. HP: 29/29 MP: 2/2
   912 | D:1      | Reached XP level 3. HP: 36/36 MP: 3/3
  1820 | D:2      | Reached skill level 1 in Unarmed Combat
  1941 | D:2      | Reached ** piety under Lugonu
  1941 | D:2      | Reached skill level 1 in Throwing
  2162 | D:2      | Reached XP level 4. HP: 43/45 MP: 4/4
  2956 | D:4      | Noticed an ogre
  2970 | D:5      | Entered Level 5 of the Dungeon
  2982 | D:5      | Noticed Menkaure
  2995 | D:5      | Noticed Ijyb
  3001 | D:5      | Killed Menkaure
  3001 | D:5      | Reached skill level 3 in Maces & Flails
  3001 | D:5      | Reached XP level 5. HP: 53/53 MP: 5/5
  3021 | D:5      | Killed Ijyb
  3021 | D:5      | Reached XP level 6. HP: 62/62 MP: 6/6
  3347 | D:5      | Noticed Dowan
  3347 | D:5      | Noticed Duvessa
  3629 | D:4      | Reached skill level 4 in Maces & Flails
  3629 | D:4      | Reached XP level 7. HP: 70/70 MP: 8/8
  4318 | D:3      | Found an iron altar of Okawaru.
  4349 | D:3      | Found a burning altar of Makhleb.
  4387 | D:3      | Found a shadowy altar of Dithmenos.
  4959 | D:5      | Reached *** piety under Lugonu
  5023 | D:5      | Killed Duvessa
  5023 | D:5      | Reached XP level 8. HP: 79/79 MP: 9/9
  5040 | D:5      | Killed Dowan
  5494 | D:5      | Found a hide-covered altar of Uskayaw.
  5495 | D:5      | Found a bloodstained altar of Trog.
  5641 | D:6      | Found a staircase to the Ecumenical Temple.
  5664 | D:6      | Noticed Eustachio
  5715 | D:6      | Killed Eustachio
  5715 | D:6      | Reached skill level 5 in Fighting
  5715 | D:6      | Reached skill level 5 in Maces & Flails
  5715 | D:6      | Reached skill level 1 in Armour
  6457 | D:6      | Identified the ring "Pielinux" {Ice +Inv rN+ Str+2 Int-4}
  6529 | Temple   | Entered the Ecumenical Temple
  6693 | D:7      | Noticed Pikel
  6693 | D:7      | Noticed a hippogriff
  6705 | D:6      | Killed a hippogriff
  6720 | D:6      | Killed Pikel
  6720 | D:6      | Reached XP level 9. HP: 84/89 MP: 9/11
  7280 | D:7      | Reached skill level 6 in Maces & Flails
  8008 | D:7      | Found a radiant altar of Vehumet.
  8439 | D:8      | Identified the cursed +1 scale mail of Death Resistance
                  | {rF+++ Str-2 Int+4}
  8449 | D:8      | Noticed Harold
  8462 | D:8      | Paralysed by Harold for 7 turns
  8477 | D:8      | Killed Harold
  8538 | D:8      | Found a transporter.
  8539 | D:8      | Found a transporter.
  8615 | D:8      | Reached XP level 10. HP: 98/100 MP: 12/12
  8672 | D:8      | Noticed Joseph
  8684 | D:7      | Killed Joseph
  8684 | D:7      | Reached skill level 7 in Maces & Flails
  8729 | D:8      | Reached skill level 5 in Unarmed Combat
  8741 | D:8      | Reached **** piety under Lugonu
  8747 | D:8      | Reached skill level 5 in Invocations
  8887 | D:8      | Found a shimmering altar of Xom.
  8891 | D:8      | Found an iron altar of Okawaru.
  8892 | D:8      | Found a sparkling altar of Nemelex Xobeh.
  8893 | D:8      | Found an ancient bone altar of Kikubaaqudgha.
  8895 | D:8      | Found a basalt altar of Yredelemnul.
  8910 | D:8      | Found a shattered altar of Ashenzari.
  8914 | D:8      | Found a blossoming altar of Fedhas.
  8915 | D:8      | Found a glowing golden altar of the Shining One.
  9084 | D:8      | Found a bloodstained altar of Trog.
  9213 | D:8      | Identified the cursed ring "Tionouw" {Int+4 Dex-2}
  9221 | D:8      | Noticed Thantalas's ghost (novice CeHu)
  9223 | D:8      | Blown up by a gnoll

Levels and vault maps discovered:
D:1:      dpeg_arrival_morbid_curiosity, layout_basic, hex_medium, st_stairs_13
D:2:      layout_loops_corners, minmay_misc_feat_square, st_stairs_12
D:3:      layout_loops_ring, lemuel_doored_altar, overflow_temple_1_default,
          okawaru_metal_pillars_1_2
D:4:      layout_loops_cross, corexii_corridor_pit
D:5:      layout_basic, gammafunk_temple_overflow_pools, first_ration,
          uniq_ijyb, uniq_duvessa, uniq_menkaure
D:6:      layout_gridville, minmay_temple_entry_glass, uniq_eustachio
D:7:      layout_layer_cave, vehumet_altar_wand_db, uniq_pikel
D:8:      layout_rooms, grunt_temple_overflow_open,
          gammafunk_ghost_gnarly_gnolls, hangedman_little_slice_of_home,
          trog_book, uniq_harold, uniq_joseph
Temple:   nicolae_temple_figure_zero

Skill      XL: |  1  2  3  4  5  6  7  8  9 10 |
---------------+-------------------------------+-----
Dodging        | 2 3 |  3.0
Maces & Flails | 2 3 4 5 6 7 |  7.2
Fighting       | 3 4 5 6 |  6.9
Unarmed Combat | 1 2 3 4 5 |  5.1
Throwing       | 1 2 3 4 |  4.7
Invocations    | 2 3 4 5 |  5.1
Armour         | 2 3 |  3.0

Action                   |  1- 3 |  4- 6 |  7- 9 | 10-12 || total
-------------------------+-------+-------+-------+-------++-------
Melee: Mace              |    92 |       |       |       ||    92
       Flail             |    44 |   111 |    45 |       ||   200
       Punch             |       |     2 |     2 |     5 ||     9
       Giant club        |       |    36 |    28 |       ||    64
       Morningstar       |       |       |   332 |    65 ||   397
Throw: Stone             |       |    12 |       |       ||    12
       Javelin           |       |     4 |     9 |     2 ||    15
Invok: Depart the Abyss  |     1 |       |       |       ||     1
       Bend Space        |       |     1 |     1 |     1 ||     3
  Use: Scroll            |       |     9 |    13 |     3 ||    25
       Potion            |       |       |     2 |     5 ||     7
 Stab: Sleeping          |     1 |     1 |       |       ||     2
  Eat: Chunk             |    17 |    12 |    49 |     5 ||    83
       Ration            |       |     1 |     1 |       ||     2
Armor: Robe              |    85 |    60 |       |       ||   145
       Skin              |       |    11 |       |       ||    11
       Storm dragon scal |       |    30 |   500 |   115 ||   645
Dodge: Dodged            |   108 |    81 |   289 |    77 ||   555

Table legend:
 A = Non-vault XP
 B = Vault XP
 C = Vault XP percentage of total XP
 D = Non-vault monster count
 E = Vault monster count
 F = Vault count percentage of total count
                 A         B        C        D         E       F
            +---------+---------+-------+---------+---------+-------
      Total |    3538 |    3240 |  47.8 |     147 |      33 |  18.3
            +---------+---------+-------+---------+---------+-------
        D:1 |      31 |      10 |  24.4 |      18 |       6 |  25.0
        D:2 |      65 |       4 |   5.8 |      23 |       2 |   8.0
        D:3 |     190 |       0 |   0.0 |      31 |       0 |   0.0
        D:4 |     515 |       0 |   0.0 |      19 |       0 |   0.0
        D:5 |     393 |     440 |  52.8 |       8 |       4 |  33.3
        D:6 |     665 |     829 |  55.5 |       9 |       2 |  18.2
        D:7 |     773 |     436 |  36.1 |      18 |       2 |  10.0
        D:8 |     906 |    1521 |  62.7 |      21 |      17 |  44.7
            +---------+---------+-------+---------+---------+-------
